 Dungeon Crawl Stone Soup version 0.30.0-29-ga12c61a403 (webtiles) character file.

Game seed: 4865453609375696782

1184 qw the Cleaver (level 8, -6/51 HPs)
             Began as a Gargoyle Fighter on June 5, 2023.
             Mangled by a gnoll
             ... wielding a +0 spear
             ... led by a gnoll sergeant
              (8 damage)
             ... on level 7 of the Dungeon.
             The game lasted 00:02:18 (4815 turns).

qw the Cleaver (Gargoyle Fighter)                   Turns: 4815, Time: 00:02:19

Health: -6/51      AC: 17    Str: 22    XL:     8   Next: 42%
Magic:  8/8        EV:  8    Int:  9    God:
Gold:   399        SH:  4    Dex:  9    Spells: 7/7 levels left

rFire   . . .        Y - +2 war axe
rCold   + . .        c - +0 buckler
rNeg    + . .        p - +0 chain mail
rPois   inf          (no helmet)
rElec   +            (no cloak)
rCorr   .            (no gloves)
SInv    +            r - +2 pair of boots
Will    .....        (no amulet) Stlth
                     w - ring of see invisible
HPRegen 0.28/turn    g - ring of protection from cold
MPRegen 0.11/turn

%: no passive effects
@: about to teleport
A: sickness immunity, AC +5, negative energy resistance 1, electricity
resistance, torment resistance 1, petrification resistance
a: no special abilities


You were on level 7 of the Dungeon.
You visited 1 branch of the dungeon, and saw 7 of its levels.

You collected 399 gold pieces.


Innate Abilities, Weirdness & Mutations

You are immune to sickness and miasma.
Your stone body is resilient. (AC +5)
You are immune to poison.
You resist negative energy. (rN+)
You are resistant to electric shocks. (rElec)
You are resistant to unholy torment.
You are immune to petrification.


   Skills:
 + Level 5.7 Fighting
 - Level 8.0 Axes
 - Level 1.0 Throwing
 - Level 3.2 Armour
 - Level 1.0 Dodging
 - Level 3.2 Shields


You had 7 spell levels left.
You didn't know any spells.
Your spell library was empty.

Inventory:

Hand Weapons
 t - a +0 flail
 Y - a +2 war axe (weapon)
Missiles
 n - 8 boomerangs (quivered)
Armour
 c - a +0 buckler (worn)
 e - the +15 Maxwell's patent armour {-Cast -Tele rElec Will+ rCorr}
   (You acquired it on level 3 of the Dungeon)

   rElec:     It insulates you from electricity.
   -Cast:     It prevents spellcasting.
   -Tele:     It prevents most forms of teleportation.
   rCorr:     It protects you from acid and corrosion.
   Will:      It increases your willpower.
 p - a +0 chain mail (worn)
 r - a +2 pair of boots (worn)
Jewellery
 g - a ring of protection from cold (right hand)
 u - a ring of resist corrosion
 w - a ring of see invisible (left hand)
Scrolls
 b - a scroll of enchant armour
Potions
 a - a potion of ambrosia {unknown}
 d - 2 potions of might
 h - 3 potions of curing
 i - a potion of magic {unknown}
 j - a potion of berserk rage {unknown}
 m - a potion of lignification {unknown}
 o - a potion of attraction {unknown}
 q - a potion of haste {unknown}
 s - a potion of heal wounds {unknown}

Dungeon Overview and Level Annotations

Branches:
Dungeon (7/15)
 Temple: D:4-7

Altars:
Ashenzari
Cheibriados
Ru
Sif Muna
Wu Jian
The Shining One


Message History

The gnoll sergeant closely misses you. The killer bee closely misses you.
You slash the gnoll!
You kill the gnoll!
You miss the killer bee.
The killer bee stings you but does no damage.
The gnoll hits you but does no damage.
The gnoll sergeant hits you but does no damage.
The killer bee stings you but does no damage.
You closely miss the killer bee.
The killer bee is lightly wounded.
The killer bee closely misses you. The gnoll hits you but does no damage.
The gnoll sergeant hits you but does no damage.
You block the killer bee's attack.
You closely miss the killer bee.
The killer bee is lightly wounded.
The killer bee stings you but does no damage. x2
The gnoll hits you from afar with a +0 spear.
The gnoll sergeant hits you from afar with a +0 spear.
You block the killer bee's attack.
A killer bee comes into view.
The gnoll sergeant hits you but does no damage.
The gnoll hits you from afar with a +0 spear.
4813 ||| READING scroll of teleportation.
As you read the scroll of teleportation, it crumbles to dust.
You feel strangely unstable.
The killer bee buzzes angrily.
A killer bee comes into view.
The killer bee barely misses you.
The killer bee stings you but does no damage.
The gnoll barely misses you.
The gnoll sergeant hits you but does no damage.
You hit the killer bee but do no damage.
The killer bee is lightly wounded.
The killer bee stings you.
The gnoll hits you from afar with a +0 spear.
The gnoll sergeant hits you from afar with a +0 spear.
You barely miss the killer bee. You block the killer bee's attack.
The gnoll hits you from afar with a +0 spear!
You die...

####.....###.
#.............
######.............
#.........._.......
#.................
#.................
#...<%###.....###
#.....# #..yy.#
+.....# #.)@y.#
####### #..).##
#.gg.# .......
.........
>...........
.............
..............


You could see a gnoll sergeant, 3 killer bees and a gnoll.

Vanquished Creatures
  A water moccasin (D:5)
  2 ogres (D:5)
  A kobold brigand (D:6)
  Blork the orc (D:6)
  A gnoll sergeant (D:5)
  2 scorpions (D:5)
  2 howler monkeys
  A hound (D:5)
  A jelly (D:6)
  An orc priest (D:6)
  2 iguanas
  A sleepcap (D:6)
  Ijyb (D:3)
  2 orc wizards (D:6)
  8 gnolls
  6 adders
  3 white imps (D:6)
  An ufetubus (D:6)
  A worm (D:7)
  2 dart slugs
  20 orcs
  5 endoplasms
  A giant cockroach (D:2)
  9 hobgoblins
  8 jackals
  2 quokkas
  5 ball pythons
  4 bats
  3 frilled lizards
  7 goblins
  10 kobolds
  4 rats
118 creatures vanquished.

Notes
Turn   | Place    | Note
-------+----------+-------------------------------------------
     0 | D:1      | qw the Gargoyle Fighter began the quest for the Orb.
     0 | D:1      | Reached XP level 1. HP: 14/14 MP: 1/1
     0 | D:1      | 0 ||| qw: Version: 0.2-a-108-gee2c290
     0 | D:1      | 0 ||| qw: Game counter: 1323
     0 | D:1      | 0 ||| qw: Always use a shield: true
     0 | D:1      | 0 ||| qw: God list: Okawaru
     0 | D:1      | 0 ||| qw: Allow faded altars: false
     0 | D:1      | 0 ||| qw: Do Orc after D:15 true
     0 | D:1      | 0 ||| qw: Do second Lair branch before Depths: true
     0 | D:1      | 0 ||| qw: Lair rune preference: random
     0 | D:1      | 0 ||| qw: Plans: Normal, Zot:1-4, Slime:5, God:TSO, Crypt,
                  | Tomb, Abyss, Pan, Hells, Win
     0 | D:1      | 0 ||| PLANNING D:1-11
    70 | D:1      | Reached skill level 2 in Axes
   210 | D:1      | 210 ||| Stepping ~*~*~tactically~*~*~ (stealth).
   269 | D:1      | Reached XP level 2. HP: 13/19 MP: 2/2
   693 | D:1      | 693 ||| UPGRADING to ring of resist corrosion.
   694 | D:1      | 694 ||| READING scroll labelled INEALI VIOFUNG.
   695 | D:1      | 695 ||| READING scroll labelled GIOTUPNUTSOY.
   696 | D:1      | 696 ||| READING scroll labelled EHEETH FERHYD.
   697 | D:1      | 697 ||| READING scroll labelled GYPHAP YTIGA.
   698 | D:1      | 698 ||| READING scroll labelled YSCHIO LOATRY.
   703 | D:1      | 703 ||| DRINKING 3 inky potions.
   738 | D:2      | Reached skill level 3 in Axes
   745 | D:2      | Reached XP level 3. HP: 21/23 MP: 3/3
  1129 | D:2      | 1129 ||| Stepping ~*~*~tactically~*~*~ (hiding).
  1138 | D:2      | Reached XP level 4. HP: 27/28 MP: 4/4
  1363 | D:2      | 1363 ||| READING scroll labelled VIAFIO GAUNEH.
  1558 | D:3      | Reached skill level 4 in Axes
  1571 | D:3      | 1571 ||| READING scroll of enchant weapon.
  1571 | D:3      | 1571 ||| ENCHANTING +1 war axe.
  1765 | D:3      | Noticed Ijyb
  1775 | D:3      | Killed Ijyb
  2099 | D:3      | Reached XP level 5. HP: 32/32 MP: 5/5
  2179 | D:3      | Found a shimmering blue altar of Sif Muna.
  2185 | D:3      | Found a broken altar of Ashenzari.
  2188 | D:3      | Found a glowing golden altar of the Shining One.
  2271 | D:3      | 2271 ||| UPGRADING to +0 pair of boots.
  2276 | D:3      | 2276 ||| READING scroll of enchant armour.
  2276 | D:3      | 2276 ||| ENCHANTING +0 pair of boots.
  2277 | D:3      | 2277 ||| READING scroll labelled REHURPH WOTUYTA.
  2277 | D:3      | Identified a scroll of acquirement
  2277 | D:3      | 2277 ||| ACQUIRING +15 Maxwell's patent armour {-Cast -Tele
                  | rElec Will+ rCorr}
  2277 | D:3      | Acquired the +15 Maxwell's patent armour {-Cast -Tele rElec
                  | Will+ rCorr}
  2277 | D:3      | Found the +15 Maxwell's patent armour {-Cast -Tele rElec
                  | Will+ rCorr}
  2279 | D:3      | 2279 ||| READING 2 scrolls labelled CASUOSTO POFA.
  2280 | D:3      | 2280 ||| DROPPING scroll of poison.
  2408 | D:4      | 2408 ||| Stepping ~*~*~tactically~*~*~ (hiding).
  2411 | D:4      | 2411 ||| Stepping ~*~*~tactically~*~*~ (hiding).
  2553 | D:4      | 2553 ||| Stepping ~*~*~tactically~*~*~ (stealth).
  2554 | D:4      | 2554 ||| Stepping ~*~*~tactically~*~*~ (stealth).
  2831 | D:4      | 2831 ||| READING scroll of enchant armour.
  2831 | D:4      | 2831 ||| ENCHANTING +1 pair of boots.
  2915 | D:4      | 2915 ||| DROPPING orb of light.
  2916 | D:4      | 2916 ||| UPGRADING to +0 chain mail.
  2926 | D:4      | 2926 ||| DROPPING +0 scale mail.
  2927 | D:4      | 2927 ||| DRINKING 2 bubbling clear potions.
  2928 | D:4      | 2928 ||| DROPPING potion of degeneration.
  2947 | D:5      | Entered Level 5 of the Dungeon
  3026 | D:5      | Reached skill level 5 in Axes
  3056 | D:5      | Noticed an ogre
  3067 | D:5      | Killed an ogre
  3068 | D:5      | Reached XP level 6. HP: 24/39 MP: 6/6
  3196 | D:5      | Noticed a water moccasin
  3209 | D:5      | Killed a water moccasin
  3210 | D:5      | Reached skill level 6 in Axes
  3309 | D:5      | Reached XP level 7. HP: 40/44 MP: 7/7
  3597 | D:5      | 3597 ||| Stepping ~*~*~tactically~*~*~ (hiding).
  3674 | D:5      | 3674 ||| Stepping ~*~*~tactically~*~*~ (stealth).
  3703 | D:5      | Reached skill level 1 in Dodging
  3778 | D:5      | Reached skill level 7 in Axes
  3856 | D:5      | 3856 ||| DROPPING +0 mace.
  3952 | D:5      | 3952 ||| UPGRADING to ring of protection from cold.
  3953 | D:5      | 3953 ||| READING scroll labelled FACKEA VIBB.
  4011 | D:6      | 4011 ||| DROPPING +0 mace of protection.
  4068 | D:6      | Noticed Blork the orc
  4076 | D:6      | Killed Blork the orc
  4150 | D:6      | Reached skill level 1 in Throwing
  4150 | D:6      | Reached XP level 8. HP: 49/49 MP: 8/8
  4374 | D:6      | Found a sacrificial altar of Ru.
  4374 | D:6      | Found an ornate altar of the Wu Jian Council.
  4726 | D:6      | 4726 ||| UPGRADING to ring of see invisible.
  4728 | D:6      | 4728 ||| READING scroll labelled ZAVUGHO HACIFF.
  4729 | D:6      | 4729 ||| READING 3 scrolls labelled RAHIXU GINOUMU.
  4730 | D:6      | 4730 ||| DRINKING 2 lumpy emerald potions.
  4731 | D:6      | 4731 ||| DROPPING potion of invisibility.
  4732 | D:6      | 4732 ||| DROPPING 2 scrolls of magic mapping.
  4758 | D:7      | Found a snail-covered altar of Cheibriados.
  4760 | D:7      | 4760 ||| STAIRDANCE
  4765 | D:6      | Reached skill level 8 in Axes
  4812 | D:7      | HP: 8/51 [gnoll/+0 spear[a gnoll sergeant] (6)]
  4813 | D:7      | 4813 ||| READING scroll of teleportation.
  4814 | D:7      | HP: 1/51 [gnoll sergeant/+0 spear (4)]
  4815 | D:7      | Mangled by a gnoll

Levels and vault maps discovered:
D:1:      dpeg_arrival_short_road, layout_loops_cross
D:2:      layout_loops_cross
D:3:      corexii_shack_village, layout_basic, minmay_overflow_temple_star_quad,
          uniq_ijyb
D:4:      layout_cave_pools
D:5:      layout_gridville, kennysheep_generic_room_9
D:6:      layout_gridville, jmf_multi_god_temple, uniq_blork_the_orc
D:7:      layout_gridville, slow_altar_1, lemuel_doored_altar,
          minmay_temple_entry_proselytizer, serial_demonic, serial_demonic_b,
          serial_demonic_a, serial_demonic_d, serial_demonic_f

Skill      XL: |  1  2  3  4  5  6  7  8 |
---------------+-------------------------+-----
Axes           | 2 3 4 5 6 7 8 |  8.0
Fighting       | 4 5 |  5.7
Dodging        | 1 |  1.0
Throwing       | 1 |  1.0
Armour         | |  3.2
Shields        | |  3.2

Action                     |  1- 3 |  4- 6 |  7- 9 || total
---------------------------+-------+-------+-------++-------
  Melee: War axe           |   104 |   108 |   140 ||   352
  Throw: Boomerang         |       |    31 |    15 ||    46
    Use: Scroll            |     5 |     6 |     4 ||    15
         Potion            |     1 |     1 |     1 ||     3
 Armour: Scale mail        |    61 |    39 |       ||   100
         Chain mail        |       |    13 |    82 ||    95
  Dodge: Dodged            |    42 |    42 |    55 ||   139
  Block: Buckler           |    16 |    19 |    24 ||    59

Table legend:
 A = Non-vault XP
 B = Vault XP
 C = Vault XP percentage of total XP
 D = Non-vault monster count
 E = Vault monster count
 F = Vault count percentage of total count
                 A         B        C        D         E       F
            +---------+---------+-------+---------+---------+-------
      Total |    1452 |     240 |  14.2 |     104 |      14 |  11.9
            +---------+---------+-------+---------+---------+-------
        D:1 |      29 |       0 |   0.0 |      18 |       0 |   0.0
        D:2 |      61 |       0 |   0.0 |      21 |       0 |   0.0
        D:3 |      25 |      53 |  67.9 |       9 |       8 |  47.1
        D:4 |      49 |       0 |   0.0 |      11 |       0 |   0.0
        D:5 |     847 |       6 |   0.7 |      18 |       2 |  10.0
        D:6 |     384 |     176 |  31.4 |      23 |       3 |  11.5
        D:7 |      57 |       5 |   8.1 |       4 |       1 |  20.0
            +---------+---------+-------+---------+---------+-------
